AoeStats
← schwellle

Glade

510834224Analyzed
1v1 RM · 15h ago on Oct 2, 2026· 41m 53s· 2 players
Game mode
Random Map
Map size
Tiny (2 player)
Population
200
Speed
Normal
Resources
Standard
Victory
Conquest
Starting age
Dark Age
Ending age
Imperial Age
RankedLock teamsTeams togetherTeam positionsShared explorationLock speedFull tech treeHidden civsTurbo modeCheats
Victory
Defeat
🇺🇸 Goths · United States
1008
+17
🇩🇪 Varangians · Germany
1025
-17
C.H.Ninnymuggins
5:31 Loom
10:42 Feudal Age
11:13 Double-Bit Axe
10:50 Man-at-Arms
11:24 Gold Mining
11:53 Horse Collar
13:45 Forging
22:11 Castle Age
20:21 Stone Mining
20:49 Scale Mail Armor
22:39 Wheelbarrow
22:55 Squires
22:20 Long Swordsman
23:19 Chain Mail Armor
24:26 Stone Shaft Mining
25:40 Iron Casting
25:55 Hand Cart
30:36 Town Watch
34:52 Imperial Age
32:33 Anarchy
33:35 Town Patrol
34:11 Pikeman
35:37 Halberdier
36:14 Two-Handed Swordsman
41:58 Perfusion
schwellle
8:17 Loom
10:15 Feudal Age
11:06 Double-Bit Axe
12:08 Man-at-Arms
18:06 Scale Mail Armor
20:36 Castle Age
19:22 Scale Barding Armor
20:03 Forging
19:36 Horse Collar
20:23 Stone Mining
21:02 Fletching
22:32 Wheelbarrow
24:16 Heavy Plow
24:53 Gold Mining
30:00 Bodkin Arrow
31:35 Iron Casting
31:36 Padded Archer Armor
31:54 Bloodlines
31:59 Husbandry
33:21 Chain Barding Armor
42:50 Imperial Age
41:21 Masonry
Connection lost

Rejoining the realm…

Still unreachable

The connection could not be restored.

Session expired

The server has moved on; the page needs a fresh start.